 Dungeon Crawl Stone Soup version 0.29.0-5-ge4962eb29e (webtiles) character file.

Game seed: 2092993918663454411

40 avis the Caller (level 3, 0/14 HPs)
             Began as a Felid Summoner on Aug 28, 2022.
             Slain by an adder (2 damage)
             ... on level 2 of the Dungeon.
             The game lasted 00:04:18 (1258 turns).

avis the Caller (Felid Summoner)                    Turns: 1258, Time: 00:04:19

Health: 0/14       AC:  1    Str:  4    XL:     3   Next: 30%
Magic:  6/8        EV: 17    Int: 18    God:
Gold:   29         SH:  0    Dex: 16    Spells: 5/8 levels left
                                        Lives:  0   Deaths: 0

rFire   . . .      SeeInvis +   (weapon unavailable)
rCold   . . .      Faith    .   (shield unavailable)
rNeg    . . .      Spirit   .   (body armour unavailable)
rPois   .          Reflect  .   (helmet unavailable)
rElec   .          Harm     .   (cloak unavailable)
rCorr   .          Rampage  .   (gloves unavailable)
Will    .....                   (boots unavailable)
Stlth   ++........              (no amulet)
HPRegen 0.04/turn               (no ring)
MPRegen 0.11/turn               (no ring)

@: lethally poisoned (0 -> -4), quick
A: very small, claws 1, fangs 3, see invisible, speed 1, shaggy fur 1, stealthy
paws, no weapons or thrown items, no armour, multi-lived
a: no special abilities


You were on level 2 of the Dungeon.
You visited 1 branch of the dungeon, and saw 2 of its levels.

You collected 29 gold pieces.

Inventory:

Scrolls
 b - 3 scrolls of poison {unknown}
 c - a scroll of enchant weapon {unknown}
 d - a scroll of teleportation {unknown}
 e - 2 scrolls of identify {unknown}
 f - a scroll of fear {unknown}
 g - a scroll of magic mapping {unknown}
 h - a scroll of immolation {unknown}
 i - a scroll of brand weapon {unknown}
Potions
 a - a potion of magic


   Skills:
 - Level 2.6 Dodging
 - Level 2.6 Stealth
 * Level 3.1 Spellcasting
 + Level 4.4 Summonings


You had 5 spell levels left.
You knew the following spells:

 Your Spells              Type           Power      Damage    Failure   Level
a - Summon Small Mammal   Summ           72%        N/A       2%          1
c - Call Imp              Summ           18%        N/A       4%          2

Your spell library contained the following spells:

 Spells                   Type           Power      Damage    Failure   Level
 Call Canine Familiar     Summ           18%        N/A       8%          3
 Foxfire                  Conj/Fire      8%         2x1d4     16%         1
 Summon Guardian Golem    Hex/Summ       10%        N/A       21%         3
 Conjure Flame            Conj/Fire      2%         6-21      43%         3
 Frozen Ramparts          Ice            4%         1d1       43%         3
 Inner Flame              Hex/Fire       2%         N/A       43%         3
 Summon Ice Beast         Ice/Summ       10%        N/A       54%         4
 Summon Lightning Spire   Summ/Air       10%        N/A       54%         4
 Flame Wave               Conj/Fire      2%         2d4       85%         4
 Ice Form                 Ice/Tmut       2%         N/A       85%         4


Dungeon Overview and Level Annotations

Branches:
Dungeon (2/15)

Altars:

Shops:
D:2 *


Innate Abilities, Weirdness & Mutations

You have sharp claws.
You have razor-sharp teeth.
You have supernaturally acute eyesight. (SInv)
You cover ground quickly. (Speed+)
You are covered in fur. (AC +1)
Your paws help you pounce on unaware monsters.
You are incapable of wielding weapons or throwing items.
You cannot wear armour.
You gain extra lives every three experience levels.


Message History

There is an entrance to Pyreopry's Assorted Antiques here.
i - a scroll labelled VYSOES EGYQO You now have 29 gold pieces (gained 12).
There is an entrance to Pyreopry's Assorted Antiques here.
You can access your shopping list by pressing '$'.
Found a stone staircase leading up.
There is a stone staircase leading up here.
An adder comes into view.
Casting: Call Imp (safe; 4% risk of failure)
Confirm with . or Enter, or press ? or * to list all spells.
A beastly little devil appears in a puff of flame.
The adder hisses angrily.
You swap places.
You scratch the adder but do no damage.
Your crimson imp hits the adder.
The adder bites you.
You are poisoned.
The adder poisons you!
You closely miss the adder. Your bite misses the adder.
The adder is lightly wounded.
You feel sick. The adder bites you.
You are lethally poisoned!
The adder poisons you!
Your crimson imp hits the adder.
You scratch the adder.
The adder is heavily wounded.
You feel sick. The adder misses you.
Your crimson imp hits the adder.
The adder closely misses you.
You scratch the adder but do no damage.
The adder is almost dead.
* * * LOW HITPOINT WARNING * * *
You feel sick.
Your crimson imp barely misses the adder.
The adder misses you.
Okay, then.
You closely miss the adder. Your bite misses the adder.
The adder is almost dead.
* * * LOW HITPOINT WARNING * * *
You feel sick.
Your crimson imp closely misses the adder.
The adder bites you.
You die...

......##.##.....#
########.....##..#
.# # # ##........#
# .# . ##
#..##.###.# .#.#
.####.###.# #.#
#.#.# ......# #.#
#.## ....# ..#####
#.# #..###...# #.#
#.# ##.##5...# .#
#.# #<.@S#..# ..
#.# ###..# ....
###. #.# #### ....
.. .. #.# ... ##
.. #.# .. ... ...
.


You could see an adder (ally target) and a friendly crimson imp (summoned).

Vanquished Creatures
  2 dart slugs
  A hobgoblin (D:1)
  2 ball pythons (D:1)
  A frilled lizard (D:1)
  A kobold (D:1)
7 creatures vanquished.

Vanquished Creatures (collateral kills)
  2 adders (D:2)
  A worm (D:2)
  An endoplasm (D:1)
  2 giant cockroaches
  2 hobgoblins (D:1)
  A quokka (D:1)
  A frilled lizard (D:1)
10 creatures vanquished.

Grand Total: 17 creatures vanquished

Notes
Turn   | Place    | Note
-------+----------+-------------------------------------------
     0 | D:1      | avis the Felid Summoner began the quest for the Orb.
     0 | D:1      | Reached XP level 1. HP: 7/7 MP: 4/4
   151 | D:1      | Reached XP level 2. HP: 5/11 MP: 1/6
   370 | D:1      | Learned a level 2 spell: Call Imp
   518 | D:1      | Found a faded altar of an unknown god.
  1000 | D:2      | Reached XP level 3. HP: 7/14 MP: 6/8
  1204 | D:2      | Found Pyreopry's Assorted Antiques.
  1258 | D:2      | Slain by an adder

Illustrated notes

Levels and vault maps discovered:
D:1:      dreamdust_arrival_beginning_and_end, layout_rooms,
          shapermc_ecumenical_altar_totnotflames,
          nicolae_kite_square_tiling_tiny, patterned_corridor
D:2:      layout_rooms, serial_shops, shop, uniq_jessica

Skill      XL: |  1  2 |
---------------+-------+-----
Spellcasting   | 3 |  3.1
Dodging        | |  2.6
Stealth        | |  2.6
Summonings     | |  4.4

Action                   || total
-------------------------++-------
Melee: Unarmed           ||    42
       Bite              ||     6
 Cast: Summon Small Mamm ||     9
       Call Imp          ||     5
 Stab: Distracted        ||     1
Armor: Skin              ||     1
Dodge: Dodged            ||    41
